 Dungeon Crawl Stone Soup version 0.26-a0-812-g31a745ddcd (webtiles) character file.

Game seed: 14556776272932898127

242 kae the Ruffian (level 5, -1/42 HPs)
             Began as a Draconian Transmuter on Dec 1, 2020.
             Killed from afar by an orc wizard (7 damage)
             ... with a magic dart
             ... on level 4 of the Dungeon.
             The game lasted 00:01:45 (4271 turns).

kae the Ruffian (Draconian Transmuter)              Turns: 4271, Time: 00:01:45

Health: -1/42      AC:  2    Str: 13    XL:     5   Next: 81%
Magic:  3/9        EV: 20    Int: 14    God:
Gold:   178        SH:  0    Dex: 16    Spells: 5/9 levels left

rFire    . . .     SeeInvis .     - Unarmed
rCold    . . .     Faith    .   (shield currently unavailable)
rNeg     . . .     Spirit   .   (armour unavailable)
rPois    x         Reflect  .   (helmet currently unavailable)
rElec    .         Harm     .   (cloak currently unavailable)
rCorr    .         Rampage  .   (gloves currently unavailable)
MR       .....                  (boots currently unavailable)
Stlth    +.........             (no amulet)
HPRegen  0.14/turn              (no ring)
MPRegen  0.11/turn              (no ring)

@: spider-form (expiring)
A: tiny, unfitting armour, AC +5
a: End Transformation


You were on level 4 of the Dungeon.
You were a venomous arachnid creature.
You visited 1 branch of the dungeon, and saw 4 of its levels.

You collected 178 gold pieces.

Inventory:

Scrolls
 a - a scroll of remove curse
 c - a scroll of enchant weapon {unknown}
 e - 3 scrolls of identify {unknown}
 f - 3 scrolls of immolation {unknown}
 h - a scroll of fog
Potions
 b - 2 potions of lignification {unknown}
 d - a potion of curing {unknown}
 g - a potion of berserk rage {unknown}
 i - a potion of cancellation {unknown}


   Skills:
 + Level 2.4 Fighting
 + Level 2.7 Dodging
 * Level 4.3 Unarmed Combat
 + Level 2.7 Spellcasting
 * Level 3.5 Transmutations


You had 5 spell levels left.
You knew the following spells:

 Your Spells              Type           Power        Failure   Level
a - Beastly Appendage     Tmut           ##....       14%         1
b - Spider Form           Tmut/Pois      #.........   54%         3

Your spell library contained the following spells:

 Spells                   Type           Power        Failure   Level
 Wereblood                Tmut           ##......     21%         2
 Ice Form                 Ice/Tmut       #.......     87%         4
 Blade Hands              Tmut           ##........   92%         5


Dungeon Overview and Level Annotations

Branches:
Dungeon (4/15)
 Temple: D:4-7

Altars:
Gozag
Nemelex Xobeh
Sif Muna
Uskayaw
Zin


Innate Abilities, Weirdness & Mutations

((Your plain brown scales are hard. (AC +5)))
You cannot fit into any form of body armour.
((You are cold-blooded and may be slowed by cold attacks.))


Message History

The orc priest is moderately wounded.
The orc wizard gestures wildly while chanting.
The orc wizard blinks!
The orc wizard gestures at you while chanting.
The magic dart hits you! The orc wizard closely misses you.
Your transformation is almost over.
The orc wizard hits you with a +0 dagger.
The orc wizard misses you.
The orc wizard hits you but does no damage.
Your magical contamination has completely faded away.
You kill the orc priest!
The orc wizard hits you with a +0 dagger.
The orc wizard hits you with a +0 dagger.
* * * LOW HITPOINT WARNING * * *
The orc wizard points at you and mumbles some strange words.
The magic dart hits you.
* * * LOW HITPOINT WARNING * * *
The orc wizard casts a spell at you. The magic dart hits you!
You die...

### #<#
#s# #.#
#o# #.###
#o#..
#o#.#
#.#.#
###o#.###
#.......#


You could see an orc warrior, an orc wizard (fast) and 2 orcs.

Vanquished Creatures
  An ogre (D:2)
  A bullfrog skeleton (D:3)
  An orc priest (D:4)
  3 adders
  3 worms (D:2)
  5 leopard geckos
  3 giant cockroaches
  5 hobgoblins
  4 jackals
  3 quokkas
  A ball python (D:3)
  6 bats
  3 frilled lizards
  11 goblins
  8 kobolds
  7 rats
65 creatures vanquished.

Notes
Turn   | Place    | Note
-------+----------+-------------------------------------------
     0 | D:1      | kae the Draconian Transmuter began the quest for the Orb.
     0 | D:1      | Reached XP level 1. HP: 16/16 MP: 3/3
   441 | D:1      | Reached XP level 2. HP: 14/23 MP: 3/5
  1189 | D:2      | Noticed an ogre
  1518 | D:1      | Reached XP level 3. HP: 20/28 MP: 6/6
  1659 | D:2      | Learned a level 3 spell: Spider Form
  1779 | D:2      | Found a hide-covered altar of Uskayaw.
  1888 | D:2      | HP: 1/28 [poisoned by a goblin]
  2263 | D:2      | Found a glowing silver altar of Zin.
  2286 | D:2      | Found a shimmering blue altar of Sif Muna.
  2744 | D:2      | Reached XP level 4. HP: 15/36 MP: 5/7
  2959 | D:3      | Found a sparkling altar of Nemelex Xobeh.
  3028 | D:3      | Found an opulent altar of Gozag.
  3336 | D:3      | Reached skill level 4 in Unarmed Combat
  3760 | D:2      | Found a shimmering blue altar of Sif Muna.
  3798 | D:2      | Killed an ogre
  3798 | D:2      | Reached XP level 5. HP: 42/42 MP: 4/8
  4030 | D:2      | Found a hide-covered altar of Uskayaw.
  4141 | D:2      | Found a glowing silver altar of Zin.
  4253 | D:4      | Noticed an orc warrior
  4271 | D:4      | Killed from afar by an orc wizard

Illustrated notes

Levels and vault maps discovered:
D:1:      eino_arrival_tree_alley, layout_basic
D:2:      layout_loops_cross, lemuel_doored_altar, zin_scriptorium,
          nicolae_overflow_crystal_walls, serial_glass, glass_columns_c,
          glass_columns_c, glass_columns_a, glass_columns_b, glass_columns_b,
          glass_columns_a, minmay_strange_pillars, minmay_heptomino_w4
D:3:      layout_basic, overflow_temple_1_default,
          chequers_serial_rivers_room_b, nemelex_altar_shiori
D:4:      layout_basic, minmay_temple_entry_mist

Skill      XL: |  1  2  3  4 |
---------------+-------------+-----
Dodging        | 2 |  2.7
Fighting       | 2 |  2.4
Transmutations | 3 |  3.5
Unarmed Combat | 4 |  4.3
Spellcasting   | |  2.7

Action                   |  1- 3 |  4- 6 || total
-------------------------+-------+-------++-------
Melee: Unarmed           |   121 |    49 ||   170
       Kick              |    13 |     5 ||    18
       Tailslap          |     8 |     3 ||    11
       Headbutt          |    10 |     3 ||    13
 Cast: Beastly Appendage |    22 |    10 ||    32
       Spider Form       |     1 |     2 ||     3
  Use: Scroll            |     2 |       ||     2
Armor: Skin              |    25 |    15 ||    40
Dodge: Dodged            |    90 |    35 ||   125

Table legend: (Time is in decaauts)
 A = Elapsed time spent in this place.
 B = Non-inter-level travel time spent in this place.
 C = Inter-level travel time spent in this place.
 D = Time resting spent in this place.
 E = Time spent auto-exploring this place.
 F = Levels seen in this place.
 G = Mean time per level.
                   A        B        C        D        E       F      G
               +--------+--------+--------+--------+--------+-----+--------+
         Total |   4265 |   4089 |    176 |    453 |   3177 |   4 | 1066.2 |
       Dungeon |   4265 |   4089 |    176 |    453 |   3177 |   4 | 1066.2 |
               +--------+--------+--------+--------+--------+-----+--------+

Top non-repeatable levels by time:
     D:2: 1924 daAuts
     D:1: 1340 daAuts
     D:3: 960 daAuts
     D:4: 40 daAuts
